 Dungeon Crawl Stone Soup version 0.19.5 (webtiles) character file.

207 Lostpass the Sneak (level 5, 0/37 HPs)
             Began as a Vampire Enchanter on Mar 3, 2017.
             Slain by an iguana (8 damage)
             ... on level 4 of the Dungeon.
             The game lasted 00:34:05 (4449 turns).

Lostpass the Sneak (Vampire Enchanter)              Turns: 4449, Time: 00:34:05

Health: 0/37       AC:  4    Str:  8    XL:     5   Next: 54%
Magic:  7/9        EV: 13    Int: 18    God:
Gold:   190        SH:  0    Dex: 14    Spells: 4 memorised, 0 levels left

rFire  . . .     SeeInvis +     b - +2 short sword (venom)
rCold  + + .     Gourm    .     l - +2 robe
rNeg   + + +     Faith    .     (no shield)
rPois  ∞         Spirit   .     (no helmet)
rElec  .         Reflect  .     (no cloak)
rCorr  .         Harm     .     (no gloves)
MR     .....                    (no boots)
Stlth  +++++++...               (no amulet)
                                d - ring of stealth
                                g - ring of stealth

@: bloodless, non-regenerating
A: fangs 3, see invisible, unbreathing
a: Bat Form


You were on level 4 of the Dungeon.
You were bloodless.

You visited 1 branch of the dungeon, and saw 4 of its levels.

You collected 190 gold pieces.

Inventory:

Hand Weapons
 a - a +1 dagger
 b - a +2 short sword of venom (weapon)
Missiles
 f - 8 needles of frenzy
 i - 13 poisoned needles
 k - 13 tomahawks (quivered)
Armour
 l - a +2 robe (worn)
 p - a cursed +0 leather armour
Jewellery
 d - a ring of stealth (right hand)
 g - a ring of stealth (left hand)
Wands
 j - a wand of random effects (14/48)
Potions
 e - a potion of magic
 h - a potion of heal wounds {unknown}
 m - a potion of curing
 n - a potion of ambrosia
 o - a potion of brilliance
Books
 c - a book of Maledictions

   Spells                             Type                      Level
   a - Corona                         Hexes                        1
   b - Ensorcelled Hibernation        Hexes/Ice                    2
   c - Confuse                        Hexes                        3
   d - Tukima's Dance                 Hexes                        3
   e - Dazzling Spray                 Conjuration/Hexes            3


   Skills:
 * Level 1.5 Fighting
 + Level 1.9 Short Blades
 + Level 0.1 Throwing
 * Level 3.2 Dodging
 - Level 6.2 Stealth
 * Level 2.7 Spellcasting
 + Level 5.0 Hexes
 + Level 1.2 Ice Magic


You couldn't memorise any spells.
You knew the following spells:

 Your Spells              Type           Power        Failure   Level  Hunger
a - Corona                Hex            ###....      1%          1    None
b - Ensorcelled Hibernat  Hex/Ice        ##....       10%         2    ##.....
c - Tukima's Dance        Hex            ###.....     10%         3    ###....
d - Confuse               Hex            ###.....     10%         3    ###....


Dungeon Overview and Level Annotations

Branches:
Dungeon (4/15)
 Temple: D:4-7

Altars:

Shops:
D:4 [

Annotations:
D:4 sveltemanboy's ghost, amateur VSHu


Innate Abilities, Weirdness & Mutations

You do not heal naturally.
You are immune to poison.
You have razor-sharp teeth.
You have supernaturally acute eyesight. (SInv)
You can survive without breathing.


Message History

Confirm with . or Enter, or press ? or * to list all spells.
Aiming: Ensorcelled Hibernation
Press: ? - help, Shift-Dir - straight line, f - iguana
Aim: an iguana (chance to defeat MR: 52%)
The iguana looks drowsy...
Your +2 short sword of venom stops dripping with poison.
a - a +1 dagger (weapon)
The iguana hisses angrily.
Casting: Ensorcelled Hibernation
Confirm with . or Enter, or press ? or * to list all spells.
Aiming: Ensorcelled Hibernation
Press: ? - help, Shift-Dir - straight line, f - you, p - iguana
Okay, then.
Your +2 short sword of venom begins to drip with poison!
b - a +2 short sword of venom (weapon)
The iguana bites you.
* * * LOW HITPOINT WARNING * * *
Found an escape hatch in the ceiling.
The iguana bites you!
You die...

....# #...# .o
##############.#.# #
#####..........#># .#
Z...+..........#.###'####
#####.........##.........
############.........
##......... #########
#..l##.#### #......[#
#.@.# ... ##.......#
#...# ... .........#
#...# .. .........# #....
............ ......
...######### ###...W.
...# #<..... ...#
#....... ..∩#


You could see an iguana and sveltemanboy's ghost (wandering).

Vanquished Creatures
  A crimson imp (D:4)
  An orc priest (D:4)
  A worker ant (D:4)
  2 adders
  A worm (D:3)
  2 dart slugs
  5 leopard geckos
  4 orcs (D:3)
  5 giant cockroaches
  9 goblins
  8 hobgoblins
  6 jackals
  7 kobolds
  5 quokkas
  A ball python (D:3)
  10 bats
  6 frilled lizards
  7 rats
81 creatures vanquished.

Vanquished Creatures (others)
  A dancing weapon (D:4)
1 creature vanquished.

Grand Total: 82 creatures vanquished

Notes
Turn   | Place    | Note
-------+----------+-------------------------------------------
     0 | D:1      | Lostpass the Vampire Enchanter began the quest for the Orb.
     0 | D:1      | Reached XP level 1. HP: 13/13 MP: 3/3
   243 | D:1      | Reached XP level 2. HP: 20/20 MP: 0/5
   509 | D:1      | Learned a level 2 spell: Ensorcelled Hibernation
  1219 | D:1      | Reached XP level 3. HP: 15/25 MP: 0/6
  1526 | D:1      | Reached skill level 5 in Stealth
  1831 | D:2      | Learned a level 3 spell: Tukima's Dance
  1914 | D:2      | Reached skill level 1 in Fighting
  2612 | D:2      | Reached skill level 1 in Ice Magic
  2612 | D:2      | Reached XP level 4. HP: 32/32 MP: 7/7
  3657 | D:3      | Reached skill level 6 in Stealth
  3799 | D:4      | Reached XP level 5. HP: 20/37 MP: 8/8
  4315 | D:4      | Reached skill level 5 in Hexes
  4368 | D:4      | Learned a level 3 spell: Confuse
  4369 | D:4      | Found Netrax's Antique Armour Shop.
  4442 | D:4      | Noticed sveltemanboy's ghost (amateur VSHu)
  4449 | D:4      | Slain by an iguana

Skill      XL: |  1  2  3  4  5 |
---------------+----------------+-----
Stealth        | 5 6 |  6.2
Fighting       | 1 |  1.5
Ice Magic      | 1 |  1.2
Dodging        | 3 |  3.2
Hexes          | 5 |  5.0
Short Blades   | |  1.9
Throwing       | |  0.1
Spellcasting   | |  2.7

Action                   |  1- 3 |  4- 6 || total
-------------------------+-------+-------++-------
Melee: Dagger            |    93 |    30 ||   123
       Bite              |    10 |     3 ||    13
       Short sword       |    21 |    19 ||    40
Throw: Tomahawk          |       |     2 ||     2
 Cast: Corona            |    20 |     4 ||    24
       Ensorcelled Hiber |     4 |    15 ||    19
       Tukima's Dance    |     1 |     1 ||     2
 Abil: End Transformatio |       |     1 ||     1
       Bat Form          |       |     1 ||     1
  Use: Potion            |     2 |     3 ||     5
       Scroll            |       |    10 ||    10
 Stab: Sleeping          |    25 |    25 ||    50
       Distracted        |     1 |       ||     1
  Eat: Corpse            |     1 |     2 ||     3
Armor: Robe              |    18 |    15 ||    33
Dodge: Dodged            |    72 |    32 ||   104
